 Dungeon Crawl Stone Soup version 0.31-a0-187-gba352fbbf7 (webtiles) character file.

Game seed: 8359562992804724080

98 qw the Shooter (level 4, -1/25 HPs)
             Began as a Deep Elf Hunter on June 22, 2023.
             Killed from afar by Sigmund (4 damage)
             ... with a magic dart
             ... on level 2 of the Dungeon.
             The game lasted 00:00:38 (1079 turns).

qw the Shooter (Deep Elf Hunter)                    Turns: 1079, Time: 00:00:39

Health: -1/25      AC:  7    Str: 10    XL:     4   Next: 44%
Magic:  6/6        EV: 11    Int: 14    God:
Gold:   87         SH:  0    Dex: 20    Spells: 3/3 levels left

rFire   . . .        Y - +0 shortbow
rCold   . . .        (shield currently unavailable)
rNeg    . . .        i - +0 ring mail
rPois   .            j - +0 helmet
rElec   .            c - +0 cloak
rCorr   .            (no gloves)
SInv    .            (no boots)
Will    .....        a - amulet of the Sneaky Artists {Regen+ Dex+2 Stlth+}
Stlth   ++           (no ring)
HPRegen 1.04/turn    (no ring)
MPRegen 0.10/turn

%: no passive effects
@: no status effects
A: no striking features
a: no special abilities


You were on level 2 of the Dungeon.
You visited 1 branch of the dungeon, and saw 2 of its levels.

You collected 87 gold pieces.


   Skills:
 - Level 1.5 Fighting
 + Level 7.9 Ranged Weapons
 - Level 2.4 Dodging
 - Level 1.2 Stealth


You had 3 spell levels left.
You didn't know any spells.
Your spell library was empty.

Inventory:

Hand Weapons
 Y - a +0 shortbow (weapon)
Armour
 c - a +0 cloak (worn)
 i - a +0 ring mail (worn)
 j - a +0 helmet (worn)
Jewellery
 a - the amulet of the Sneaky Artists (around neck) {Regen+ Dex+2 Stlth+}
   (You acquired it on level 1 of the Dungeon)

   [amulet of regeneration]

   Dex:       It affects your dexterity (+2).
   Regen:     It increases your rate of health regeneration.
   Stlth:     It makes you more stealthy.
 f - an amulet of guardian spirit
Potions
 b - a potion of mutation {unknown}
 d - a potion of curing {unknown}

Dungeon Overview and Level Annotations

Branches:
Dungeon (2/15)

Altars:

Shops:
D:1 =

Annotations:
D:2 Sigmund


Message History

Sigmund hits you from afar with a +0 scythe.
You shoot an arrow. The arrow hits Sigmund.
Sigmund is heavily wounded.
You shoot an arrow. The arrow closely misses Sigmund.
Sigmund hits you from afar with a +0 scythe!
Enter note:
Enter note:
Enter note:
Enter note:
1066 ||| UPGRADING to +0 cloak.
Sigmund hits you from afar with a +0 scythe!
Keep equipping yourself?
You start putting on your armour.
You continue putting on your +0 cloak.
Sigmund barely misses you.
You continue putting on your +0 cloak. x2
Sigmund drinks a potion.
Sigmund seems to speed up.
You continue putting on your +0 cloak.
Sigmund hits you from afar with a +0 scythe!
You finish putting on your +0 cloak.
1071 ||| DRINKING potion of heal wounds.
You feel much better.
Sigmund hits you from afar with a +0 scythe!
Enter note:
Enter note:
Enter note:
Enter note: Sigmund barely misses you. Sigmund casts a spell at you.
The puff of flame hits you.
You shoot an arrow. The arrow hits Sigmund!
Sigmund is severely wounded.
Sigmund hits you from afar with a +0 scythe.
You shoot an arrow.
The arrow hits Sigmund but does no damage.
Sigmund is severely wounded.
Sigmund hits you from afar with a +0 scythe. x2
You shoot an arrow. The arrow closely misses Sigmund.
Sigmund gestures at you while chanting. The magic dart hits you.
You die...

#.###.##.####..# #.#
#..........#### ############
#.###.##.###.......
...........####.....##.#####.####
####.#####.....#######.##....#
####.# #.###.# #.##.##.# .....#
#.# #.# #.##.##.# ####.#
#.###.#### #.......#
####.#####......@.# ####.####
.............#@##.# #...#
###########..#.##.# #...#
#.......##..#.##.# #...#
##.......##..#%##.######...#####
##.......##.)#.##.##......%....#
##................(..h...........
##......@##.##...###.............
##.......##.#..#..######...###.##


You could see Sigmund (fast).

Vanquished Creatures
  Natasha (twice) (D:2)
  An adder (D:2)
  A worm (D:2)
  4 ball pythons
  5 endoplasms
  A giant cockroach (D:2)
  2 goblins
  6 hobgoblins
  3 quokkas (D:1)
  5 bats
  A frilled lizard (D:2)
  6 rats
37 creatures vanquished.

Notes
Turn   | Place    | Note
-------+----------+-------------------------------------------
     0 | D:1      | qw the Deep Elf Hunter began the quest for the Orb.
     0 | D:1      | Reached XP level 1. HP: 12/12 MP: 3/3
     0 | D:1      | 0 ||| qw: Version: 0.3-a-9-g12657ce
     0 | D:1      | 0 ||| qw: Game counter: 1981
     0 | D:1      | 0 ||| qw: Always use a shield: true
     0 | D:1      | 0 ||| qw: God list: Okawaru
     0 | D:1      | 0 ||| qw: Allow faded altars: false
     0 | D:1      | 0 ||| qw: Do Orc after D:15 true
     0 | D:1      | 0 ||| qw: Do second Lair branch before Depths: true
     0 | D:1      | 0 ||| qw: Lair rune preference: random
     0 | D:1      | 0 ||| qw: Plans: Normal
     0 | D:1      | 0 ||| PLANNING D:1-11
   122 | D:1      | Found Molou's Jewellery Shoppe.
   131 | D:1      | 131 ||| SHOPLISTING +4 ring of protection (360 gold, have
                  | 5).
   131 | D:1      | 131 ||| SHOPLISTING +5 ring of evasion (360 gold, have 5).
   131 | D:1      | 131 ||| SHOPLISTING amulet of faith (400 gold, have 5).
   131 | D:1      | 131 ||| SHOPLISTING ring of Remisek {rF++ rCorr Str-2
                  | Dex+6} (619 gold, have 5).
   131 | D:1      | 131 ||| SHOPLISTING ring of positive energy (200 gold, have
                  | 5).
   199 | D:1      | Reached skill level 6 in Ranged Weapons
   199 | D:1      | Reached XP level 2. HP: 16/16 MP: 4/4
   489 | D:1      | 489 ||| UPGRADING to +0 ring mail.
   499 | D:1      | 499 ||| DROPPING +0 leather armour.
   500 | D:1      | 500 ||| UPGRADING to +0 helmet.
   505 | D:1      | 505 ||| READING scroll labelled YZELIU CYMUME.
   505 | D:1      | Identified a scroll of acquirement
   505 | D:1      | 505 ||| ACQUIRING amulet of the Sneaky Artists {Regen+
                  | Dex+2 Stlth+}
   505 | D:1      | Acquired the amulet of the Sneaky Artists {Regen+ Dex+2
                  | Stlth+}
   507 | D:1      | 507 ||| UPGRADING to amulet of the Sneaky Artists {Regen+
                  | Dex+2 Stlth+}.
   512 | D:1      | 512 ||| READING scroll labelled NEZEV MEITEYSH.
   515 | D:1      | 515 ||| READING scroll labelled HAIBOU QODGHUREUL.
   516 | D:1      | 516 ||| READING scroll labelled LEZ SEFODOHOHIONK.
   517 | D:1      | 517 ||| DRINKING 2 white potions.
   518 | D:1      | 518 ||| DROPPING scroll of butterflies.
   529 | D:2      | Noticed Sigmund
   531 | D:2      | 531 ||| STAIRDANCE
   538 | D:2      | 538 ||| STAIRDANCE
   544 | D:2      | 544 ||| STAIRDANCE
   546 | D:2      | 546 ||| STAIRDANCE
   548 | D:2      | 548 ||| STAIRDANCE
   549 | D:2      | HP: 3/16 [Sigmund/+0 scythe (6)]
   550 | D:2      | 550 ||| STAIRDANCE
   638 | D:2      | Reached XP level 3. HP: 20/20 MP: 5/5
   658 | D:2      | Noticed Natasha
   660 | D:2      | 660 ||| FLEEEEING.
   663 | D:2      | 663 ||| FLEEEEING.
   664 | D:2      | 664 ||| FLEEEEING.
   666 | D:2      | 666 ||| FLEEEEING.
   667 | D:2      | 667 ||| FLEEEEING.
   668 | D:2      | 668 ||| FLEEEEING.
   669 | D:2      | 669 ||| FLEEEEING.
   672 | D:2      | Killed Natasha
   673 | D:2      | Reached skill level 7 in Ranged Weapons
   817 | D:2      | Reached XP level 4. HP: 25/25 MP: 6/6
  1038 | D:2      | Noticed Natasha
  1040 | D:2      | 1040 ||| FLEEEEING.
  1041 | D:2      | 1041 ||| FLEEEEING.
  1042 | D:2      | 1042 ||| FLEEEEING.
  1043 | D:2      | 1043 ||| FLEEEEING.
  1044 | D:2      | 1044 ||| FLEEEEING.
  1045 | D:2      | 1045 ||| FLEEEEING.
  1046 | D:2      | 1046 ||| FLEEEEING.
  1047 | D:2      | 1047 ||| FLEEEEING.
  1048 | D:2      | 1048 ||| FLEEEEING.
  1049 | D:2      | 1049 ||| FLEEEEING.
  1050 | D:2      | 1050 ||| FLEEEEING.
  1051 | D:2      | 1051 ||| FLEEEEING.
  1052 | D:2      | 1052 ||| Stepping ~*~*~tactically~*~*~ (outnumbered).
  1058 | D:2      | Killed Natasha
  1066 | D:2      | 1066 ||| UPGRADING to +0 cloak.
  1066 | D:2      | HP: 4/25 [Sigmund/+0 scythe (8)]
  1070 | D:2      | HP: 1/25 [Sigmund/+0 scythe (7)]
  1071 | D:2      | 1071 ||| DRINKING potion of heal wounds.
  1078 | D:2      | HP: 3/25 [Sigmund/+0 scythe (6)]
  1079 | D:2      | Killed from afar by Sigmund

Levels and vault maps discovered:
D:1:      minmay_arrival_split_and_join, layout_rooms, serial_shops, shop,
          hex_medium
D:2:      layout_loops_cross, kennysheep_generic_room_16, uniq_sigmund,
          uniq_natasha, uniq_robin

Skill      XL: |  1  2  3 |
---------------+----------+-----
Ranged Weapons | 6 7 |  7.9
Fighting       | |  1.5
Dodging        | |  2.4
Stealth        | |  1.2

Action                     |  1- 3 |  4- 6 || total
---------------------------+-------+-------++-------
   Fire: Shortbow          |    91 |    24 ||   115
    Use: Scroll            |     4 |       ||     4
         Potion            |     1 |     1 ||     2
 Armour: Leather armour    |     4 |       ||     4
         Ring mail         |     6 |     1 ||     7
  Dodge: Dodged            |    15 |     3 ||    18

Table legend:
 A = Non-vault XP
 B = Vault XP
 C = Vault XP percentage of total XP
 D = Non-vault monster count
 E = Vault monster count
 F = Vault count percentage of total count
                 A         B        C        D         E       F
            +---------+---------+-------+---------+---------+-------
      Total |     106 |      35 |  24.8 |      36 |       1 |   2.7
            +---------+---------+-------+---------+---------+-------
        D:1 |      31 |       0 |   0.0 |      18 |       0 |   0.0
        D:2 |      75 |      35 |  31.8 |      18 |       1 |   5.3
            +---------+---------+-------+---------+---------+-------
